 Dungeon Crawl Stone Soup version 0.32-a0-132-g2d33c3cfaf (webtiles) character file.

Game seed: 9419232195149438769

707 jasper the Shooter (level 7, -2/56 HPs)
             Began as a Mummy Hunter on Feb 10, 2024.
             Was an Initiate of Hepliaklqana.
             Constricted to death by Pikel (3 damage)
             ... on level 5 of the Dungeon.
             The game lasted 00:04:24 (2837 turns).

jasper the Shooter (Mummy Hunter)                   Turns: 2837, Time: 00:04:25

Health: -2/56      AC:  6    Str: 15    XL:     7   Next: 40%
Magic:  7/7        EV:  9    Int:  8    God:    Hepliaklqana [......]
Gold:   50         SH:  0    Dex: 17    Spells: 6/6 levels left

rFire   x . .        i - +5 sling of Subterfuge {elec, rC++}
rCold   + + +        (no shield)
rNeg    + + +        c - +0 leather armour
rPois   ∞            (no helmet)
rElec   .            k - +0 cloak
rCorr   .            n - +0 pair of gloves
SInv    .            p - +0 pair of boots
Will    .....        (no amulet)
Stlth   ++           (no ring)
HPRegen 0.29/turn    (no ring)
MPRegen 0.10/turn

%: faith
@: grasped by roots, constricted
A: cold resistance 1, negative energy resistance 3, torment resistance 2, heat
vulnerability 1, in touch with death 1, no potions, faith
a: Renounce Religion


You were on level 5 of the Dungeon.
You worshipped Hepliaklqana.
Hepliaklqana was noncommittal.
You visited 2 branches of the dungeon, and saw 6 of its levels.

You collected 113 gold pieces.
You spent 63 gold pieces at shops.

Inventory:

Hand Weapons
 a - a +0 shortbow
 i - the +5 sling of Subterfuge (weapon) {elec, rC++}
   (You found it on level 2 of the Dungeon)

   rC++:      It greatly protects you from cold.
Missiles
 g - 6 curare-tipped darts
Armour
 c - a +0 leather armour (worn)
 k - a +0 cloak (worn)
 n - a +0 pair of gloves (worn)
 p - a +0 pair of boots (worn)
Jewellery
 d - a ring of flight
 q - a ring of see invisible
Scrolls
 e - 3 scrolls of identify {unknown}
 f - a scroll of teleportation {unknown}
 h - a scroll of blinking {unknown}
 j - 2 scrolls of revelation {unknown}
 l - a scroll of noise {unknown}
 m - a scroll of enchant armour {unknown}
 o - a scroll of silence {unknown}


   Skills:
 + Level 5.1 Fighting
 * Level 6.5 Ranged Weapons
 - Level 1.5 Dodging
 - Level 0.7 Stealth


You had 6 spell levels left.
You didn't know any spells.
Your spell library contained the following spells:

 Spells                   Type           Power      Damage    Failure   Level
 Foxfire                  Conj/Fire      0%         2x1d4     47%         1
 Slow                     Hex            0%         N/A       47%         1
 Call Imp                 Summ           0%         N/A       63%         2
 Scorch                   Fire           0%         2d5       63%         2
 Confusing Touch          Hex            0%         N/A       85%         3
 Dazzling Flash           Conj/Hex       0%         N/A       85%         3
 Gell's Gravitas          Tloc           0%         N/A       85%         3
 Mephitic Cloud           Conj/Alch/Air  0%         N/A       85%         3
 Sigil of Binding         Hex            0%         N/A       85%         3
 Teleport Other           Tloc           0%         N/A       85%         3
 Vampiric Draining        Necr           0%         2d6       85%         3
 Flame Wave               Conj/Fire      0%         2d4       99%         4
 Curse of Agony           Necr           0%         N/A       100%        5
 Silence                  Hex/Air        0%         N/A       100%        5
 Dispersal                Tloc           0%         N/A       100%        6
 Plasma Beam              Fire/Air       0%         2x1d10    100%        6
 Starburst                Conj/Fire      0%         6d3       100%        6
 Summon Cactus Giant      Summ           0%         N/A       100%        6
 Summon Hydra             Summ           0%         N/A       100%        7
 Sublimation of Blood     Necr           Unusable   N/A       N/A         2

Dungeon Overview and Level Annotations

Branches:
Dungeon (5/15)             Temple (1/1) D:4

Altars:
Dithmenos
Fedhas
Gozag
Hepliaklqana
Nemelex Xobeh
Ru
Trog
Vehumet
Wu Jian
Xom
Yredelemnul

Shops:
D:4 [

Annotations:
D:3 3 runed translucent doors, octoduck's ghost, amateur OnWr
D:4 Menkaure
D:5 Pikel


Innate Abilities, Weirdness & Mutations

You are immune to poison.
Your flesh is cold resistant. (rC+)
You are immune to negative energy. (rN+++)
You are immune to unholy pain and torment.
You are vulnerable to heat. (rF-)
You are in touch with the powers of death.
You do not drink.
You have a special connection with the divine. (Faith)


Message History

Pikel burns you.
You take 5 damage, and have 39/56 hp.
Fire: i) +5 sling of Subterfuge {elec, rC++}
Press: ? - help, Q - select action, (/) - cycle Shift-Dir - straight line, f/p - Pikel
Aim: Pikel, wielding a +2 whip of flaming, wearing a +0 robe and carrying a wand of roots (heavily wounded, 62% to hit)
You shoot a sling bullet. The sling bullet hits Pikel!
Pikel is severely wounded.
Pikel hits you with a +2 whip of flaming!
Pikel burns you.
Pikel zaps a wand.
The roots erupt in riotous growth!
The grasping roots grab you!
Pikel is unaffected.
The grasping roots constrict you!
You take 20 damage, and have 19/56 hp.
MASSIVE DAMAGE!!
Fire: i) +5 sling of Subterfuge {elec, rC++}
Press: ? - help, Q - select action, (/) - cycle Shift-Dir - straight line, f/p - Pikel
Aim: Pikel, wielding a +2 whip of flaming, wearing a +0 robe and carrying a wand of roots (severely wounded, 62% to hit)
You shoot a sling bullet. The sling bullet hits Pikel.
Pikel is severely wounded.
Pikel hits you with a +2 whip of flaming!
* * * LOW HITPOINT WARNING * * *
Pikel burns you.
* * * LOW HITPOINT WARNING * * *
The grasping roots constrict you.
* * * LOW HITPOINT WARNING * * *
You take 13 damage, and have 6/56 hp.
MASSIVE DAMAGE!!
Fire: i) +5 sling of Subterfuge {elec, rC++}
Press: ? - help, Q - select action, (/) - cycle Shift-Dir - straight line, f/p - Pikel
Aim: Pikel, wielding a +2 whip of flaming, wearing a +0 robe and carrying a wand of roots (severely wounded, 62% to hit)
You shoot a sling bullet.
The sling bullet completely misses Pikel.
Pikel hits you but does no damage. The grasping roots constrict you.
* * * LOW HITPOINT WARNING * * *
You take 5 damage, and have 1/56 hp.
Fire: i) +5 sling of Subterfuge {elec, rC++}
Press: ? - help, Q - select action, (/) - cycle Shift-Dir - straight line, f/p - Pikel
Aim: Pikel, wielding a +2 whip of flaming, wearing a +0 robe and carrying a wand of roots (severely wounded, 62% to hit)
You shoot a sling bullet. The sling bullet barely misses Pikel.
Pikel barely misses you. The grasping roots constrict you.
You die...
Pikel says, "Another soul for the market."
Hepliaklqana delivers you to your ancestors.

... #.# #.# #.#
... # #.# .#
#5#..###.
#########Kh5.....
#.......@###.###$
##### #........###
#...###
#............
..#...#
#.##.##..####
#####.#####ß.ß##.#
.....).#)........#
.....#...##ß.ß####
....<##..###.##
..... ##.....#


You could see Pikel, 2 lemures and a hound.

Vanquished Creatures
  Sigmund (D:5)
  Eustachio (D:4)
  A phantom (D:5)
  2 lemures (D:5)
  A hound (D:4)
  A jelly (D:5)
  Natasha (D:2)
  5 orc wizards
  A gnoll (D:2)
  4 adders
  An adder zombie (D:3)
  A dart slug (D:4)
  A ribbon worm (D:2)
  12 orcs
  6 ball pythons
  6 endoplasms
  3 giant cockroaches
  4 hobgoblins
  2 jackals (D:1)
  4 kobolds
  2 quokkas (D:1)
  A ball python zombie (D:3)
  A bat (D:2)
  2 frilled lizards
  5 goblins
  A quokka zombie (D:3)
  5 rats
75 creatures vanquished.

Notes
Turn   | Place    | Note
-------+----------+-------------------------------------------
     0 | D:1      | jasper the Mummy Hunter began the quest for the Orb.
     0 | D:1      | Reached XP level 1. HP: 16/16 MP: 1/1
   193 | D:1      | Reached XP level 2. HP: 22/22 MP: 2/2
   802 | D:2      | Reached XP level 3. HP: 28/28 MP: 3/3
   816 | D:2      | Identified the +5 sling of Subterfuge {elec, rC++}
   855 | D:2      | Reached skill level 4 in Ranged Weapons
   955 | D:2      | Noticed Natasha
   960 | D:2      | Killed Natasha
   961 | D:2      | Reached XP level 4. HP: 35/35 MP: 4/4
  1044 | D:2      | Found a faded altar of an unknown god.
  1144 | D:3      | Reached XP level 5. HP: 28/41 MP: 5/5
  1268 | D:3      | Found a sparkling altar of Nemelex Xobeh.
  1463 | D:3      | Found an opulent altar of Gozag.
  1518 | D:3      | Found a runed translucent gate.
  1521 | D:3      | Found a runed translucent gate.
  1521 | D:3      | Found an opulent altar of Gozag.
  1521 | D:3      | Found a runed translucent gate.
  1534 | D:3      | Noticed octoduck's ghost (amateur OnWr)
  1565 | D:3      | Found a basalt altar of Yredelemnul.
  1742 | D:4      | Found Icehuh's Armour Shoppe.
  1748 | D:4      | Bought a +0 pair of boots for 63 gold pieces
  1833 | D:4      | Found a staircase to the Ecumenical Temple.
  1883 | Temple   | Entered the Ecumenical Temple
  1906 | Temple   | Became a worshipper of Hepliaklqana the Forgotten
  1978 | D:4      | Noticed Eustachio
  1999 | D:4      | Killed Eustachio
  2000 | D:4      | Reached skill level 5 in Ranged Weapons
  2000 | D:4      | Reached XP level 6. HP: 48/48 MP: 6/6
  2242 | D:4      | Noticed Menkaure
  2260 | D:4      | HP: 2/49 [Menkaure (20)]
  2678 | D:5      | Entered Level 5 of the Dungeon
  2794 | D:5      | Noticed Sigmund
  2796 | D:5      | Killed Sigmund
  2797 | D:5      | Reached skill level 6 in Ranged Weapons
  2797 | D:5      | Reached XP level 7. HP: 55/55 MP: 7/7
  2800 | D:5      | Reached skill level 5 in Fighting
  2824 | D:5      | Noticed Pikel
  2836 | D:5      | HP: 1/56 [constriction (6)]
  2837 | D:5      | Constricted to death by Pikel

Illustrated notes

Levels and vault maps discovered:
D:1:      minmay_arrival_jagged, layout_loops_ring
D:2:      minmay_angry_zag, layout_rooms, dreamdust_ecumenical_altar_statues,
          uniq_natasha
D:3:      layout_rooms, grunt_gozag_statues, nicolae_overflow_hidden_temple,
          nicolae_yredelemnul_corpse_copse, ebering_ghost_gozag,
          kennysheep_generic_room_14
D:4:      layout_layer_cave, minmay_temple_entry_junction, serial_shops,
          nicolae_shop_rolling_square, uniq_eustachio, uniq_menkaure
D:5:      minmay_general_purpose_star, layout_basic, amcnicky_altar_gilded,
          small_statue_intersection, uniq_crazy_yiuf_cottage, uniq_pikel,
          uniq_sigmund
Temple:   compressed_dpeg_circular_temple

Skill      XL: |  1  2  3  4  5  6  7 |
---------------+----------------------+-----
Ranged Weapons | 4 5 6 |  6.5
Fighting       | 3 4 5 |  5.1
Dodging        | |  1.5
Stealth        | |  0.7

Action                     |  1- 3 |  4- 6 |  7- 9 || total
---------------------------+-------+-------+-------++-------
   Fire: Shortbow          |    53 |       |       ||    53
         Sling             |    19 |   130 |    16 ||   165
    Use: Scroll            |       |     1 |       ||     1
 Armour: Leather armour    |    15 |    28 |     4 ||    47
  Dodge: Dodged            |    17 |    34 |     2 ||    53

Table legend: (Time is in decaauts)
 A = Elapsed time spent in this place.
 B = Non-inter-level travel time spent in this place.
 C = Inter-level travel time spent in this place.
 D = Time resting spent in this place.
 E = Time spent auto-exploring this place.
 F = Levels seen in this place.
 G = Mean time per level.
                   A        B        C        D        E       F      G
               +--------+--------+--------+--------+--------+-----+--------+
         Total |   2881 |   2630 |    251 |    349 |   1821 |   6 |  480.2 |
       Dungeon |   2834 |   2627 |    207 |    349 |   1821 |   5 |  566.8 |
        Temple |     46 |      2 |     44 |      0 |      0 |   1 |   46.0 |
               +--------+--------+--------+--------+--------+-----+--------+

Top non-repeatable levels by time:
     D:4: 1006 daAuts
     D:1: 680 daAuts
     D:3: 651 daAuts
     D:2: 401 daAuts
     D:5: 95 daAuts
  Temple: 46 daAuts
